 Dungeon Crawl Stone Soup version 0.18.1-8-gdd0e5ea (webtiles) character file.

56895 Lul the Brawler (level 14, 0/129 HPs)
             Began as a Ghoul Monk on May 24, 2016.
             Slain by a 19-headed hydra (4 damage)
             ... on level 8 of the Lair of Beasts on May 25, 2016.
             The game lasted 03:15:16 (21475 turns).

Lul the Brawler (Ghoul Monk)                       Turns: 21475, Time: 03:15:17

Health: 0/129      AC: 24    Str: 33 (34) XL:     14   Next: 83%
Magic:  0/13       EV: 25    Int:  6      God:    Xom [..*...]
Gold:   1939       SH:  0    Dex: 25      Spells: 0 memorised, 13 levels left

rFire  . . .     SeeInvis .     C - +7 scimitar "Qiulecun" {pain, Str+4 Dex+4}
rCold  + . .     Gourm    .     r - +0 chain mail "Riparulo" {*Drain rElec MR+ Stlth+}
rNeg   + + +     Faith    +     (no shield)
rPois  ∞         Spirit   .     T - +0 helmet
rElec  +         Dismiss  .     I - +1 cloak of Seemp {Str+4}
rCorr  .         Reflect  .     (no gloves)
SustAt .         Harm     .     i - +2 pair of boots
MR     +++..                    K - amulet of faith
Stlth  ++++......               t - +6 ring of protection
                                z - ring "Luarowuj" {MR+ Str+7 Dex+5}

@: agile, about to teleport, rotting, extremely resistant to hostile
enchantments, stealthy
A: rotting body, claws 1, carnivore 3, cold resistance 1, negative energy
resistance 3, slow regeneration 1, torment resistance, unbreathing
a: Renounce Religion


You were on level 8 of the Lair of Beasts.
You worshipped Xom.
You were a toy of Xom.
You were not hungry.

You visited 3 branches of the dungeon, and saw 19 of its levels.
You also visited: Labyrinth, Sewer and Volcano.

You collected 2047 gold pieces.
You spent 108 gold pieces at shops.

Inventory:

Hand Weapons
 C - the +7 scimitar "Qiulecun" (weapon) {pain, Str+4 Dex+4}
   (You found it on level 8 of the Lair of Beasts)

   In the hands of one skilled in necromantic magic, it inflicts extra damage on
   living creatures.
   It affects your strength (+4).
   It affects your dexterity (+4).
Armour
 i - a +2 pair of boots (worn)
 r - the +0 chain mail "Riparulo" (worn) {*Drain rElec MR+ Stlth+}
   (You took it off a gnoll on level 9 of the Dungeon)

   It insulates you from electricity.
   It affects your resistance to hostile enchantments.
   It causes draining when unequipped.
   It makes you more stealthy.
 y - a +0 chain mail of fire resistance
 I - the +1 cloak of Seemp (worn) {Str+4}
   (You found it in a labyrinth)

   It affects your strength (+4).
 T - a +0 helmet (worn)
Rods
 P - a +9 rod of shadows (5/14)
   (You took it off a minotaur in a labyrinth)
Jewellery
 c - the ring "Jiti" {+Fly rPois rF+ rN++ MR-}
   (You found it on level 5 of the Dungeon)

   [ring of flight]

   It protects you from fire.
   It protects you from poison.
   It greatly protects you from negative energy.
   It affects your resistance to hostile enchantments.
   It lets you fly.
 g - the ring of Exemmeax {+Blink rF+ rC+ Dex-4 SInv}
   (You found it on level 8 of the Lair of Beasts)

   [ring of protection from fire]

   It affects your dexterity (-4).
   It protects you from fire.
   It protects you from cold.
   It lets you see invisible.
   It lets you blink.
 m - an uncursed ring of protection from fire
 o - an uncursed ring of teleportation
 t - a +6 ring of protection (right claw)
 z - the ring "Luarowuj" (left claw) {MR+ Str+7 Dex+5}
   (You found it in a labyrinth)

   [ring of protection from magic]

   It affects your strength (+7).
   It affects your dexterity (+5).
   It affects your resistance to hostile enchantments.
 J - a +3 ring of evasion
 K - an amulet of faith (around neck)
 X - a +2 amulet of reflection
Wands
 e - a wand of polymorph (14/24)
 q - a wand of random effects (21/48)
 u - a wand of acid (6/15)
 D - a wand of random effects (20/48)
 L - a wand of flame (17/48)
 R - a wand of paralysis (0/24)
 U - a wand of paralysis (9/24)
 Y - a wand of polymorph (12/24)
Scrolls
 n - 9 scrolls of enchant weapon
 x - 7 scrolls of enchant armour
 B - 3 scrolls of fog
 G - 4 scrolls of identify
 H - 6 scrolls of magic mapping
 N - 2 scrolls of amnesia
 Q - 5 scrolls of remove curse
 V - 2 scrolls of brand weapon
 W - a scroll of immolation
Potions
 d - 7 potions of cure mutation
 h - 12 potions of curing
 j - 2 potions of magic
 p - 2 potions of ambrosia
 s - 2 potions of resistance
 w - 4 potions of brilliance
Books
 k - a Fen Folio

   Spells                             Type                      Level
   a - Corpse Rot                     Necromancy                   2
   b - Stone Arrow                    Conjuration/Earth            3
   c - Leda's Liquefaction            Hexes/Earth                  4
   d - Summon Forest                  Summoning/Translocation      5
   e - Hydra Form                     Transmutation                6
   f - Summon Hydra                   Summoning                    7
 S - a book of Conjurations

   Spells                             Type                      Level
   a - Magic Dart                     Conjuration                  1
   b - Searing Ray                    Conjuration                  2
   c - Dazzling Spray                 Conjuration/Hexes            3
   d - Fulminant Prism                Conjuration/Hexes            4
   e - Iskenderun's Mystic Blast      Conjuration                  4
   f - Iskenderun's Battlesphere      Conjuration/Charms           5
Comestibles
 a - 6 chunks of flesh
 b - 6 meat rations
 O - 13 royal jellies


   Skills:
 + Level 13.1 Fighting
 + Level 3.3 Long Blades
 + Level 9.5 Armour
 + Level 11.3 Dodging
 + Level 10.0 Stealth
 + Level 15.2 Unarmed Combat
 + Level 1.0 Evocations


You had 13 spell levels left.
You didn't know any spells.

Dungeon Overview and Level Annotations

Branches:
Dungeon (10/15)            Temple (1/1) D:4            Lair (8/8) D:10
  Swamp (0/4) Lair:5       Spider (0/4) Lair:5        Slime (0/6) Lair:8
    Orc (0/2) D:10

Altars:
Dithmenos
Elyvilon
Makhleb
Nemelex Xobeh
Sif Muna
Trog
Xom
Yredelemnul

Shops:
D:6 }   D:9 [

Annotations:
D:6 exclusion: door


Innate Abilities, Weirdness & Mutations

Your body is rotting away.
You thrive on raw meat.
You are immune to poison.
You have sharp fingernails.
You are carnivorous and can eat meat at any time.
Your flesh is cold resistant.
You are immune to negative energy.
You regenerate slowly when monsters are visible.
You are immune to unholy pain and torment.
You can survive without breathing.


Message History

Something closely misses you. Something stings you.
* * * LOW HITPOINT WARNING * * *
The manticore flicks its tail.
The volley of spikes misses you.
Your orc hits the 19-headed hydra with a dagger.
Something hits you but does no damage. x2; Something stings you.
* * * LOW HITPOINT WARNING * * *
The 19-headed hydra bites you.
* * * LOW HITPOINT WARNING * * *
The 19-headed hydra bites you but does no damage. x3
The 19-headed hydra completely misses you.
The 19-headed hydra closely misses you.
The 19-headed hydra bites you but does no damage.
The 19-headed hydra barely misses you.
The 19-headed hydra bites you but does no damage.
The 19-headed hydra closely misses you. x2
The 19-headed hydra bites you but does no damage.
The 19-headed hydra bites you.
You die...
Xom guffaws!

.........## #...P###......###
...)......# ##P...#.......P#
...#.....## ##..............#
#.P#......## ##...............#
..##.#.....# #P.......#...P.###
..#.#...######....#.###P.#..#
...##....# #.....#...#######
...#.....## #P.§.o##..# ******
P.........# #...@D#...#**,∆,,**
.........## ##.....####,,∆,,,,*
..........## #.#..F.###,∆.,,,,*
#...(......# #####....#$..,,,**
#...P......###.......Hk....,**
.#P.........##..##...#.#..P*###
..#P........##..$.......k.###.###
...#P......#######....#..#*#.....
.####......# ***,.....#,####.....


You could see a 19-headed hydra, a manticore, a spiny frog, a rime drake and a
friendly orc.

Vanquished Creatures
  The ghost of Beholder179 the Grappler, a journeyman TrAM of Ru (Lair:6)
  A minotaur (Lab)
  9 hydras
  A catoblepas (Lair:8)
  9 death yaks
  Urug (Lair:3)
  Nergalle (Lair:2)
  A hill giant (D:7)
  A sphinx skeleton (Volcano)
  2 orb spiders
  A griffon (Lair:8)
  A manticore (Lair:8)
  4 black mambas
  13 elephants
  Joseph (Lair:1)
  A torpor snail (Lair:8)
  6 spiny frogs
  A guardian mummy (Volcano)
  9 komodo dragons
  6 rime drakes
  A troll (D:10)
  7 polar bears (Lair:8)
  A wind drake (Lair:8)
  Grinder (D:5)
  A boulder beetle (Lair:7)
  2 slime creatures (Lair:8)
  A minotaur skeleton (Volcano)
  7 blink frogs
  6 raiju (Lair:8)
  4 redbacks
  3 vampires (Volcano)
  2 flying skulls (Volcano)
  A spriggan (D:7)
  2 wyverns (D:9)
  Eustachio (D:5)
  Grum (D:8)
  A hungry ghost (D:9)
  3 basilisks (Lair:8)
  19 yaks
  5 hippogriffs
  2 steam dragons
  A hill giant skeleton (Volcano)
  5 wargs (Lair:8)
  3 hell hounds (Lair:8)
  Duvessa (D:4)
  18 water moccasins
  7 porcupines
  A swamp drake (Lair:5)
  A merfolk skeleton (Volcano)
  An ice beast (D:5)
  4 sky beasts
  13 black bears (Lair:8)
  8 orc warriors
  3 ogres
  4 phantoms
  An ogre (shapeshifter) (Lair:2)
  4 centaurs
  28 wolves
  17 crocodiles
  A manticore skeleton (Volcano)
  Blork the orc (D:4)
  3 big kobolds
  A gnoll sergeant (D:8)
  11 giant frogs
  Dowan (D:4)
  5 scorpions
  7 wights
  2 howler monkeys
  18 electric eels
  2 crimson imps (D:10)
  16 hounds
  4 jellies
  7 orc priests
  Crazy Yiuf (D:2)
  A centaur skeleton (Volcano)
  2 giant frog skeletons
  Terence (D:2)
  Jessica (D:2)
  2 two-headed ogre skeletons (Volcano)
  Ijyb (D:3)
  7 iguanas
  14 orc wizards
  7 worker ants
  A killer bee zombie (D:8)
  5 sheep (Lair:8)
  4 ogre skeletons (Volcano)
  2 mummies (Volcano)
  A howler monkey zombie (D:7)
  Robin (D:3)
  13 gnolls
  12 adders
  46 river rats
  A shadow imp (D:5)
  2 oozes
  An adder skeleton (D:4)
  2 worms
  A dart slug (D:1)
  9 giant geckos
  38 orcs
  A ball python (D:1)
  11 bats
  13 giant cockroaches
  14 goblins
  11 hobgoblins
  14 jackals
  A quokka (D:6)
  10 giant newts
  A jackal zombie (D:5)
  23 kobolds
  A quokka skeleton (D:6)
  13 rats
  A plant (Lair:7)
630 creatures vanquished.

Vanquished Creatures (collateral kills)
  A death yak (Lair:7)
  A polar bear (Lair:8)
  A water moccasin (Lair:8)
  2 orc warriors
  A centaur (D:6)
  An ogre (D:6)
  A wight (D:6)
  A crimson imp (D:6)
  3 orc wizards
  A worker ant (D:6)
  A river rat (Lair:4)
  8 orcs
22 creatures vanquished.

Vanquished Creatures (others)
  An eldritch tentacle (Lair:7)
  A yak (Lair:2)
  A river rat (Lair:7)
  3 orcs
  97 eldritch tentacle segments (Lair:7)
  20 fungi
  17 plants
140 creatures vanquished.

Grand Total: 792 creatures vanquished

Notes
Turn   | Place    | Note
--------------------------------------------------------------
     0 | D:1      | Lul the Ghoul Monk began the quest for the Orb.
     0 | D:1      | Reached XP level 1. HP: 19/19 MP: 0/0
    47 | D:1      | Reached XP level 2. HP: 16/25 MP: 1/1
   354 | D:1      | Reached XP level 3. HP: 22/31 MP: 2/2
   669 | D:1      | Reached skill level 5 in Unarmed Combat
   930 | D:2      | Noticed Terence
  1021 | D:2      | Reached XP level 4. HP: 40/40 MP: 3/3
  1062 | D:2      | Noticed Jessica
  1079 | D:2      | Killed Jessica
  1131 | D:2      | Noticed Crazy Yiuf
  1148 | D:2      | Killed Crazy Yiuf
  1148 | D:2      | Reached XP level 5. HP: 26/46 MP: 0/4
  1396 | D:2      | Killed Terence
  1732 | D:3      | Noticed Ijyb
  1749 | D:3      | Killed Ijyb
  1782 | D:3      | Reached XP level 6. HP: 52/52 MP: 5/5
  2197 | D:3      | Found a bloodstained altar of Trog.
  2453 | D:3      | Noticed Robin
  2481 | D:3      | Killed Robin
  2940 | D:4      | Noticed Blork the orc
  2963 | D:4      | Killed Blork the orc
  3074 | D:4      | Reached skill level 6 in Unarmed Combat
  3217 | D:4      | Found a staircase to the Ecumenical Temple.
  3226 | D:4      | Reached XP level 7. HP: 60/60 MP: 6/6
  3236 | Temple   | Entered the Ecumenical Temple
  3245 | Temple   | Became a worshipper of Xom of Chaos
  3251 | Temple   | XOM: harmless Divn miscast
  3332 | D:4      | XOM: potion effect (agility)
  3435 | D:4      | Reached skill level 5 in Dodging
  3438 | D:4      | XOM: silly message
  3480 | D:4      | Noticed Duvessa
  3480 | D:4      | Noticed Dowan
  3484 | D:4      | XOM: harmless Summ miscast
  3537 | D:4      | XOM: divination: magic mapping
  3543 | D:4      | Killed Duvessa
  3543 | D:4      | Reached skill level 5 in Fighting
  3572 | D:4      | XOM: divination: detect creatures
  3578 | D:4      | XOM: butterfly on damage
  3579 | D:4      | Killed Dowan
  3761 | D:4      | XOM: severe Hex miscast
  3925 | D:4      | Reached XP level 8. HP: 37/68 MP: 1/7
  4020 | D:4      | Reached skill level 7 in Unarmed Combat
  4030 | D:4      | XOM: vitrification
  4424 | D:5      | Entered Level 5 of the Dungeon
  4446 | D:5      | Noticed Eustachio
  4572 | D:5      | Got a bound copper ring
  4591 | D:5      | XOM: cast spell 'Metabolic Englaciation'
  4608 | D:5      | Reached skill level 5 in Stealth
  4935 | D:5      | XOM: enchant monster (bad)
  4948 | D:5      | Killed Eustachio
  4948 | D:5      | Reached skill level 8 in Unarmed Combat
  5030 | D:5      | Reached XP level 9. HP: 75/75 MP: 8/8
  5123 | D:5      | Noticed Grinder
  5133 | D:5      | Killed Grinder
  5229 | D:6      | Found a deep blue altar of Sif Muna.
  5285 | D:6      | Found a glowing drain.
  5310 | Sewer    | Entered a sewer
  5312 | Sewer    | XOM: potion effect (brilliance)
  5404 | Sewer    | XOM: potion effect (haste)
  5421 | Sewer    | Found a white marble altar of Elyvilon.
  5567 | D:6      | Found Oseddyrr's Gadget Shop.
  5697 | D:6      | XOM: god gift: shiny ring mail {god gift}
  5892 | D:6      | XOM: enchant monster (good)
  5986 | D:6      | Noticed Prince Ribbit
  6061 | D:6      | Reached skill level 9 in Unarmed Combat
  6179 | D:6      | Noticed Prince Ribbit
  6179 | D:6      | Prince Ribbit changed into Prince Ribbit the crocodile
  6179 | D:6      | XOM: polymorph Prince Ribbit -> Prince Ribbit the crocodile
  6185 | D:6      | Killed Prince Ribbit the crocodile
  6522 | D:7      | XOM: smoke on damage
  6588 | D:7      | XOM: god gift: 13 gold pieces
  6945 | D:7      | Noticed a hill giant
  6995 | D:7      | XOM: divination: detect items
  6999 | D:7      | Reached XP level 10. HP: 85/85 MP: 9/9
  7123 | D:7      | XOM: divination: magic mapping
  7289 | D:7      | Killed a hill giant
  7289 | D:7      | Reached skill level 10 in Unarmed Combat
  7369 | D:8      | XOM: harmless Trmt miscast
  7500 | D:8      | XOM: mild Pois miscast
  7526 | D:8      | XOM: chaos upgrade
  7711 | D:8      | XOM: mild Chrm miscast
  7727 | D:8      | Identified the ring "Jiti" {+Fly rPois rF+ rN++ MR-} (You found it on level 5 of the Dungeon)
  7785 | D:8      | Noticed Grum
  7813 | D:8      | Killed Grum
  8139 | D:8      | XOM: scenery: create altars
  8206 | D:8      | XOM: 2-stop teleportation journey
  8370 | D:9      | Reached skill level 1 in Armour
  8787 | D:9      | XOM: scenery: create altars
  8802 | D:9      | XOM: polymorph electric eel -> river rat
  8845 | D:9      | XOM: potion effect (might)
  8939 | D:8      | XOM: vitrification
  9020 | D:9      | Reached skill level 11 in Unarmed Combat
  9020 | D:9      | Reached XP level 11. HP: 91/95 MP: 10/10
  9040 | D:9      | XOM: god gift: 400 gold pieces
  9044 | D:9      | Found Uschorua's Antique Armour Boutique.
  9047 | D:9      | Bought a helmet for 108 gold pieces
  9079 | D:9      | XOM: enchant monster (good)
  9099 | D:9      | XOM: cast spell 'Summon Butterflies'
  9184 | D:9      | Got a spiked chain mail
  9212 | D:9      | XOM: vitrification
  9466 | D:9      | XOM: silly message
  9514 | D:9      | Identified the cursed +0 chain mail "Riparulo" {*Drain rElec MR+ Stlth+} (You took it off a gnoll on level 9 of the Dungeon)
  9939 | D:9      | XOM: harmless Pois miscast
 10089 | D:10     | Entered Level 10 of the Dungeon
 10293 | D:10     | XOM: 2-stop teleportation journey
 10345 | D:10     | XOM: 1-stop teleportation journey
 10348 | D:10     | XOM: harmless Chrm miscast
 10526 | D:10     | XOM: chaos cloud
 10759 | D:10     | Found a staircase to the Lair.
 10779 | D:10     | XOM: enchant monster (bad)
 10860 | D:10     | Found a staircase to the Orcish Mines.
 10975 | D:10     | XOM: summons 5 hostile demons
 11064 | Lair:1   | Entered Level 1 of the Lair of Beasts
 11073 | Lair:1   | Noticed a six-headed hydra
 11074 | Lair:1   | Noticed a seven-headed hydra
 11096 | Lair:2   | XOM: blink monster(s)
 11105 | Lair:2   | XOM: mild Air miscast
 11112 | Lair:2   | XOM: 1-stop teleportation journey
 11119 | Lair:2   | XOM: mild Air miscast
 11151 | Lair:1   | XOM: medium Necr miscast
 11157 | Lair:1   | XOM: harmless Hex miscast
 11161 | Lair:1   | XOM: harmless Conj miscast
 11203 | Lair:1   | Noticed Joseph
 11212 | Lair:1   | Killed Joseph
 11215 | Lair:1   | Found a basalt altar of Yredelemnul.
 11261 | Lair:1   | XOM: confuse monster(s)
 11262 | Lair:1   | XOM: divination: detect creatures
 11263 | Lair:1   | Killed a seven-headed hydra
 11351 | Lair:1   | XOM: noise
 11357 | Lair:1   | Killed a six-headed hydra
 11357 | Lair:1   | Reached skill level 12 in Unarmed Combat
 11772 | Lair:1   | XOM: mild Summ miscast
 11815 | Lair:1   | XOM: mild Pois miscast
 11984 | Lair:2   | XOM: confusion
 11987 | Lair:2   | XOM: silly message
 11997 | Lair:2   | XOM: enchant monster (good)
 12050 | Lair:2   | XOM: harmless Summ miscast
 12150 | Lair:2   | XOM: medium Fire miscast
 12251 | Lair:2   | Noticed Nergalle
 12255 | Lair:2   | XOM: divination: magic mapping
 12263 | Lair:2   | XOM: harmless Conj miscast
 12269 | Lair:2   | XOM: harmless Conj miscast
 12272 | Lair:2   | XOM: enchant monster (bad)
 12286 | Lair:2   | Noticed a spectral orc warlord
 12286 | Lair:2   | XOM: chaos upgrade
 12288 | Lair:2   | XOM: noise
 12300 | Lair:2   | XOM: destruction
 12304 | Lair:2   | XOM: enchant monster (good)
 12310 | Lair:2   | XOM: harmless Erth miscast
 12312 | Lair:2   | XOM: silly message
 12318 | Lair:2   | Killed Nergalle
 12318 | Lair:2   | Reached skill level 5 in Armour
 12318 | Lair:2   | Reached XP level 12. HP: 66/106 MP: 11/11
 12498 | Lair:2   | XOM: noise
 12509 | Lair:2   | XOM: harmless Erth miscast
 12566 | Lair:2   | XOM: polymorph basilisk -> tengu
 12568 | Lair:2   | XOM: summons friendly crimson imp
 12593 | Lair:2   | Reached skill level 10 in Dodging
 12655 | Lair:2   | XOM: polymorph crimson imp -> shadow imp
 12754 | Lair:3   | XOM: summons 1 hostile demon
 12756 | Lair:3   | XOM: polymorph white imp -> quasit
 12827 | Lair:3   | Noticed Urug
 12844 | Lair:3   | XOM: summons 6 hostile demons
 12889 | Lair:3   | XOM: god gift: scroll of blinking
 12906 | Lair:3   | XOM: god gift: shield {god gift}
 12921 | Lair:3   | XOM: enchant monster (good)
 12998 | Lair:3   | XOM: summons friendly shadow imp
 12999 | Lair:3   | Reached skill level 10 in Fighting
 13001 | Lair:3   | XOM: medium Conj miscast
 13086 | Lair:3   | XOM: stat loss: -1 Dex (10/11)
 13092 | Lair:3   | XOM: mild Erth miscast
 13093 | Lair:3   | XOM: chaos cloud
 13097 | Lair:3   | XOM: harmless Divn miscast
 13102 | Lair:3   | Killed Urug
 13240 | Lair:3   | Got an ancient ring mail
 13241 | Lair:3   | XOM: polymorph basilisk -> spiny frog
 13255 | Lair:3   | Identified the +3 ring mail of the Gusle {rN+ Str-5 Dex+4} (You found it on level 3 of the Lair of Beasts)
 13503 | Lair:4   | XOM: potion effect (invisibility)
 13596 | Lair:4   | XOM: confuse monster(s)
 13606 | Lair:4   | XOM: mild Ice miscast
 13619 | Lair:4   | XOM: scenery: 1 doors open
 13657 | Lair:4   | XOM: cast spell 'Leda's Liquefaction'
 13680 | Lair:4   | XOM: fog
 13897 | Lair:4   | XOM: divination: magic mapping
 13899 | Lair:4   | XOM: summons 3 friendly demons
 13905 | Lair:4   | XOM: potion effect (agility)
 14272 | Lair:4   | Noticed a five-headed hydra
 14280 | Lair:4   | Killed a five-headed hydra
 14280 | Lair:4   | Reached skill level 13 in Unarmed Combat
 14511 | Lair:5   | Noticed a five-headed hydra
 14530 | Lair:5   | Killed a five-headed hydra
 14598 | Lair:4   | XOM: scenery: 1 doors close
 14685 | Lair:5   | Found a staircase to the Swamp.
 14700 | Lair:5   | XOM: scenery: create altars
 14718 | Lair:5   | Found a labyrinth entrance.
 14731 | Lair:5   | XOM: god gift: scroll of immolation
 14738 | Lab      | Entered a labyrinth
 14808 | Lab      | Noticed a minotaur
 14815 | Lab      | XOM: 5-stop teleportation journey
 14824 | Lab      | XOM: god gift: thin ivory amulet {god gift}
 14922 | Lab      | XOM: god gift: scroll of enchant weapon
 15007 | Lab      | XOM: vitrification
 15023 | Lab      | XOM: vitrification
 15094 | Lab      | Killed a minotaur
 15109 | Lab      | Got a coiled platinum ring
 15110 | Lab      | Got a translucent cloak
 15121 | Lab      | Identified the +1 cloak of Seemp {Str+4} (You found it in a labyrinth)
 15125 | Lab      | Identified the ring "Luarowuj" {MR+ Str+7 Dex+5} (You found it in a labyrinth)
 15128 | Lair:5   | XOM: god gift: 57 gold pieces
 15232 | Lair:5   | XOM: polymorph porcupine -> ooze
 15331 | Lair:5   | XOM: vitrification
 15346 | Lair:5   | XOM: summons 8 friendly demons
 15383 | Lair:5   | XOM: medium Tloc miscast
 15447 | Lair:5   | Found a hole to the Spider Nest.
 15450 | Lair:5   | Reached XP level 13. HP: 115/115 MP: 12/12
 15801 | Lair:5   | XOM: cast spell 'Summon Butterflies'
 16154 | Lair:6   | XOM: mild Chrm miscast
 16158 | Lair:6   | XOM: polymorph basilisk -> orb spider
 16160 | Lair:6   | XOM: harmless Pois miscast
 16166 | Lair:6   | Noticed Beholder179's ghost (journeyman TrAM)
 16166 | Lair:6   | XOM: fog
 16168 | Lair:6   | XOM: butterfly on damage
 16176 | Lair:6   | XOM: enchant monster (good)
 16187 | Lair:6   | XOM: cast spell 'Olgreb's Toxic Radiance'
 16188 | Lair:6   | XOM: confuse monster(s)
 16195 | Lair:6   | XOM: cast spell 'Call Canine Familiar'
 16204 | Lair:6   | XOM: summons 3 hostile shadow creatures
 16211 | Lair:6   | XOM: enchant monster (bad)
 16409 | Lair:6   | XOM: severe Divn miscast
 16420 | Lair:6   | XOM: medium Ice miscast
 16603 | Lair:6   | XOM: blink monster(s)
 16607 | Lair:6   | XOM: summons 2 hostile shadow creatures
 16611 | Lair:6   | Killed Beholder179's ghost
 16709 | Lair:6   | XOM: enchant monster (bad)
 16721 | Lair:6   | XOM: noise
 16755 | Lair:6   | XOM: enchant monster (bad)
 17120 | Lair:6   | XOM: stat loss: -1 Int (1/6)
 17146 | Lair:6   | XOM: silly message
 17180 | Lair:6   | XOM: harmless Erth miscast
 17269 | Lair:7   | XOM: mild Erth miscast
 17273 | Lair:7   | XOM: potion effect (invisibility)
 17289 | Lair:7   | XOM: chaos cloud
 17292 | Lair:7   | XOM: 2-stop teleportation journey
 17369 | Lair:7   | XOM: fog
 17375 | Lair:7   | XOM: 6-stop teleportation journey
 17391 | Lair:7   | Reached skill level 14 in Unarmed Combat
 17422 | Lair:7   | XOM: 9-stop teleportation journey
 17447 | Lair:7   | XOM: swap monsters
 17482 | Lair:7   | XOM: divine lightning
 17496 | Lair:7   | XOM: divination: detect creatures
 17497 | Lair:7   | XOM: repel stairs
 17506 | Lair:7   | XOM: summons 6 hostile demons
 17511 | Lair:8   | Entered Level 8 of the Lair of Beasts
 17513 | Lair:8   | XOM: god gift: fizzy emerald potion
 17531 | Lair:8   | XOM: summons friendly ufetubus
 17653 | Lair:8   | Found a dark tunnel.
 17661 | Volcano  | Entered a volcano
 17726 | Volcano  | XOM: divination: detect items
 17772 | Volcano  | XOM: divination: magic mapping
 18041 | Volcano  | XOM: vitrification
 18240 | Lair:8   | XOM: divination: detect items
 18282 | Lair:8   | XOM: god gift: meat ration
 18299 | Lair:8   | XOM: medium Necr miscast
 18302 | Lair:8   | XOM: summons 4 hostile demons
 18303 | Lair:8   | XOM: silly message
 18309 | Lair:8   | XOM: medium Divn miscast
 18345 | Lair:8   | XOM: summons 2 hostile demons
 18392 | Lair:8   | XOM: chaos cloud
 18396 | Lair:8   | XOM: summons 5 hostile demons
 18485 | Lair:8   | XOM: blink monster(s)
 18609 | Lair:8   | XOM: polymorph jackal -> jelly
 18755 | Lair:8   | XOM: mild Pois miscast
 18759 | Lair:8   | Reached XP level 14. HP: 126/126 MP: 13/13
 18785 | Lair:8   | Found a staircase to the Slime Pits.
 18859 | Lair:8   | XOM: potion effect (invisibility)
 19097 | Lair:8   | XOM: potion effect (brilliance)
 19144 | Lair:8   | Reached skill level 15 in Unarmed Combat
 19173 | Lair:8   | XOM: noise
 19187 | Lair:8   | XOM: summons 9 friendly demons
 19196 | Lair:8   | XOM: polymorph quasit -> crimson imp
 19205 | Lair:8   | XOM: confusion
 19210 | Lair:8   | XOM: fake destruction
 19247 | Lair:8   | XOM: blink monster(s)
 19247 | Lair:8   | XOM: smoke on damage
 19252 | Lair:8   | XOM: harmless Conj miscast
 19258 | Lair:8   | XOM: polymorph raiju -> wind drake
 19262 | Lair:8   | XOM: summons friendly white imp
 19303 | Lair:8   | Got a twitching bone ring
 19310 | Lair:8   | Got a transparent scimitar
 19312 | Lair:8   | Identified the ring of Exemmeax {+Blink rF+ rC+ Dex-4 SInv} (You found it on level 8 of the Lair of Beasts)
 19313 | Lair:8   | Identified the +7 scimitar "Qiulecun" {pain, Str+4 Dex+4} (You found it on level 8 of the Lair of Beasts)
 19329 | Lair:8   | XOM: cast spell 'Cause Fear'
 19586 | Lair:8   | XOM: harmless Hex miscast
 19647 | Lair:8   | XOM: silly message
 19649 | Lair:8   | XOM: polymorph four-headed hydra -> something unseen
 19682 | Lair:7   | XOM: summons 6 friendly demons
 19683 | Lair:7   | XOM: severe Summ miscast
 19687 | Lair:7   | Noticed an eldritch tentacle
 19693 | Lair:8   | XOM: fog
 19701 | Lair:8   | XOM: summons friendly shadow imp
 19706 | Lair:8   | Reached skill level 1 in Long Blades
 19710 | Lair:8   | XOM: summons 2 friendly demons
 19752 | Lair:8   | XOM: summons 2 friendly demons
 19888 | Lair:7   | XOM: polymorph yak -> orb spider
 19891 | Lair:7   | XOM: scenery: create altars
 19900 | Lair:7   | Killed an eldritch tentacle
 19901 | Lair:7   | XOM: 7-stop teleportation journey
 19924 | Lair:7   | XOM: 9-stop teleportation journey
 19999 | Lair:7   | XOM: summons friendly quasit
 20076 | Lair:7   | XOM: divination: detect creatures
 20182 | Lair:7   | XOM: god gift: potion of heal wounds
 20185 | Lair:7   | Reached skill level 1 in Evocations
 20550 | Lair:7   | XOM: vitrification
 20761 | Lair:7   | XOM: summons 2 friendly demons
 20770 | Lair:7   | XOM: vitrification
 20793 | Lair:7   | XOM: scenery: create altars
 20810 | Lair:7   | XOM: scenery: create altars
 20820 | Lair:7   | XOM: summons 1 friendly demon
 20827 | Lair:7   | XOM: summons 1 friendly demon
 20835 | Lair:7   | XOM: smoke on damage
 20851 | Lair:7   | XOM: divine lightning (protected)
 20891 | Lair:7   | XOM: summons 11 friendly demons
 20896 | Lair:7   | Reached skill level 10 in Stealth
 20923 | Lair:7   | XOM: potion effect (curing)
 20935 | Lair:7   | XOM: harmless Pois miscast
 21019 | Lair:6   | XOM: silly message
 21053 | Lair:6   | XOM: divination: detect items
 21204 | Lair:6   | XOM: harmless Hex miscast
 21320 | Lair:7   | XOM: silly message
 21395 | Lair:8   | XOM: potion effect (heal wounds)
 21400 | Lair:7   | Identified a +9 rod of shadows (14/14) (You took it off a minotaur in a labyrinth)
 21474 | Lair:8   | XOM: smoke on damage
 21475 | Lair:8   | HP: 6/129 [something (1)]
 21475 | Lair:8   | Slain by a 19-headed hydra

Skill      XL: |  1  2  3  4  5  6  7  8  9 10 11 12 13 14 |
---------------+-------------------------------------------+-----
Dodging        | 3 4 5 6 8 9 10 11 | 11.3
Unarmed Combat | 5 6 8 9 11 12 13 14 15 | 15.2
Fighting       | 4 5 6 7 8 9 10 12 13 | 13.1
Stealth        | 3 4 5 6 7 8 9 10 | 10.0
Armour         | 1 5 7 8 9 |  9.5
Long Blades    | 3 |  3.3
Evocations     | 1 |  1.0

Action                   |  1- 3 |  4- 6 |  7- 9 | 10-12 | 13-15 || total
-------------------------+-------+-------+-------+-------+-------++-------
Melee: Unarmed           |    96 |   226 |   402 |  1086 |   571 ||  2381
       Punch             |     4 |     2 |    12 |    59 |   110 ||   187
       Scimitar          |       |       |       |       |   285 ||   285
Evoke: Wand              |       |       |       |     5 |     4 ||     9
       Rod               |       |       |       |       |     2 ||     2
  Use: Scroll            |     2 |     7 |     4 |    14 |    15 ||    42
       Potion            |       |     2 |     5 |     8 |    16 ||    31
 Stab: Sleeping          |     6 |     8 |    13 |    10 |     4 ||    41
       Distracted        |       |       |     2 |     3 |     6 ||    11
       Confused          |       |       |       |     3 |     2 ||     5
       Petrifying        |       |       |       |     1 |     2 ||     3
       Petrified         |       |       |       |     1 |       ||     1
       Invisible         |       |       |       |     7 |     7 ||    14
       Paralysed         |       |       |       |       |     7 ||     7
  Eat: Chunk             |     6 |    14 |    25 |   122 |   123 ||   290
       Beef jerky        |       |       |     1 |       |     2 ||     3
       Meat ration       |       |       |       |     1 |       ||     1
       Pizza             |       |       |       |       |     1 ||     1
Armor: Robe              |    19 |    76 |    95 |    19 |       ||   209
       Leather armour    |       |       |       |    38 |       ||    38
       Chain mail        |       |       |       |   437 |   556 ||   993
Dodge: Dodged            |    63 |   103 |   258 |   631 |   956 ||  2011
